Workbook

Sheet COVER
A7: County Government of Kisumu
A8: City of Kisumu
A9: Kisumu Urban Project (KUP)
A10: AFD Agreement No: CKE1035.01.G
A12: PROPOSED DEVELOPMENT OF OTONGLO MARKET
C13: FOR KISUMU URBAN PROJECT
A14: NATIONAL COMPETITIVE BIDDING (NCB) NO: ………
A16: (VOLUME 2 OF 3)
A18: [OCTOBER, 2017]
A20: BILLS OF QUANTITIES
A22: CONSULTANTS

Sheet Signature&contents
C2: OVERALL TABLE OF CONTENTS
A4: VOLUME 1
A6: SECTION I - Letter of Invitation. | J6: 1
A8: PART 1 - BIDDING PROCEDURES.
A10: SECTION II - Instructions to Bidders (ItB). | J10: 2
A12: SECTION III - Bid Data Sheet (BDS). | J12: III-1
A14: SECTION IV - Evaluation and Qualification Criteria. | J14: IV-10
A16: SECTION V - Bidding Forms. | J16: 21
A18: PART 2 - WORKS REQUIREMENTS.
A20: SECTION VI - Works Requirements. | J20: 53
A22: PART 3 - CONDITIONS OF CONTRACT AND CONTRACT FORMS.
A24: SECTION VII - General Conditions (GC) | J24: VII-1
A26: SECTION VIII - Particular Conditions (PC) | J26: XII-96
A28: SECTION IX - Annex to the Particular Conditions - Contract Forms | J28: IX-96
B31: VOLUME 2 | D31: BILLS OF QUANTITIES
B32: VOLUME 3 | D32: DRAWINGS
A35: PROPOSED DEVELOPMENT OF OTONGLO MARKET
C36: FOR KISUMU URBAN PROJECT
F37: FOR
E38: CITY OF KISUMU
D39: BILLS OF QUANTITIES
A41: INDEX
A43: BILL | D43: DESCRIPTION | I43: PAGES
D45: Index | I45: (i)
D47: Signature Page | I47: (ii)
D49: Special Notes | I49: (iii)
A51: No. 1 | D51: Preliminaries | I51: P1-P34
D53: Specifications (Trade Preambles) | I53: 1.-41
A55: No. 2 | D55: Market Sheds | I55: SD1-SD11
A57: No. 3 | D57: Toilet block | I57: TB1-TB21
A59: No. 4 | D59: Guard House/Revenue Office | I59: GH1-GH21
A61: No. 6 | D61: External Works | I61: EW1-EW11
A63: No. 7 | D63: Mechanical Works | I63: M1-M11
A65: No. 8 | D65: Electrical Works | I65: E1-E4
D67: Provisional Sums | I67: PS1
D69: Schedule of Rates | I69: SR1-SR7
D71: Main Summary | I71: MS2
C78: BILLS OF QUANTITIES
E79: FOR
B80: PROPOSED DEVELOPMENT OF OTONGLO MARKET
D81: FOR KISUMU URBAN PROJECT
E82: FOR
D83: CITY OF KISUMU
A85: Supplied as part of the contract for the construction and completion of the above project:
A87: Prepared by: -
A89: John oguna And Associates
A91: P.O. BOX 34128-00200
A93: Nairobi, Kenya
A95: Email: johnoguna@ymail.com.
A97: September, 2017
A99: The contract for the above mentioned works entered into on the………………day of …………
A100: .20…………by the undersigned parties refers to these Bills of Quantities consisting of pages numbered on
A101: the index page no. (i) shall be read and construed as part of the said contract.
A103: ……………………………..… | G103: ……………………………………
B104: (Employer) | H104: (Contractor)
A106: Date …………………………. | G106: …………………………………
A111: Signature Page:
B115: SPECIAL NOTES TO BE READ PRIOR TO PRICING THE BILLS OF QUANTITIES:
A117: 1 | B117: The bidder is required to check the numbers of pages of the Bills of Quantities against the
B118: index stated on page (i) and should any be found to be missing, in duplicate or indistinct,
B119: the bidder must inform the Employer at once and have the same rectified.
A121: 2 | B121: Should the bidder be in doubt about the precise meaning of any item or figure, for any reason
B122: whatsoever, he must inform the Employer in order that the correct meaning may be decided before
B123: the date for submission of tenders.
A125: 3 | B125: No liability will be admitted or claim allowed in respect of errors in the Tender due to mistakes in the
B126: Bills of Quantities, which should have been rectified in the manner described above.
A128: 4 | B128: The bidder shall not alter or otherwise qualify the text of the Bills of Quantities. Any alteration or
B129: qualification made without authority will be ignored and the text of the Bills of Quantities, as printed,
B130: will be adhered to.
A132: 5 | B132: The bidder shall be deemed to have made allowance in his prices generally to cover items of
B133: preliminaries or additions to Prime Cost sums or other items, if the bidder has not priced these where
B134: appropriate.
A136: 6 | B136: All items of measured work shall be priced in detail and tenders containing lump sums to cover
B137: trades or groups of work must be broken down to show prices of each item before they will be
B138: accepted. Lump sums to cover items or preliminaries shall likewise be broken down if required.
A140: 7 | B140: The bidder is advised to visit the site to acquaint with its nature and position: access road, structures
B141: to be demolished or any other limitations, and the conditions under which the works shall have to
B142: be carried out.
A144: 8 | B144: In no case will any expense incurred by bidders in preparation of this Tender be allowed.
A146: 9 | B146: The copyright of these Bills of Quantities is vested in the Quantity Surveyor and no part thereof may be
B147: reproduced without their express permission given in writing.
A149: 10 | B149: The bidder is solely responsible for accurate ordering of materials in accordance with the Drawings and
B150: Architect’s instructions and no claim for any loss or expense will be entertained for orders for materials
B151: based upon the Bills of Quantities.
A153: 11 | B153: This project is exempted from Value Added Tax. The bidder’s rates shall therefore NOT include Value
B154: Added Tax.
B156: Special Notes
D168: BILL NO. 1:
D170: PRELIMINARIES

Sheet General Preliminaries 
A1: Item | B1: DESCRIPTION | C1: Kshs. | D1: Cts
A2: 1.1 | B2: PRICING ITEMS OF PRELIMINARIES
B3: Prices SHALL BE INSERTED against items of “preliminaries” in the tenderer’s priced Bills of Quantities. Items not priced shall be deemed to be covered by rates entered in other items of ‘preliminaries’ or ‘measured works’. The contractor is advised to read and understand all preliminary items.
A5: 1.2 | B5: DESCRIPTION OF THE WORKS
B6: The works to be carried out under this contract basically involve the construction of Market sheds,Toilet block,Guard house and associated engineering services, civil works and external works.
A8: 1.3 | B8: MEASUREMENTS
B9: In the event of any discrepancies arising between the Bills of Quantities and the actual works, the site measurements shall generally take precedence. However, such discrepancies between any contract documents shall immediately be referred to the Project Manager in accordance with Clause 22 of the Conditions of Contract. The discrepancies shall then be treated as a variation and be dealt with in accordance with Clause 22 of the said Conditions. In this contract, the term 'Project Manager' shall mean both Architect and Engineer.
A11: 1.4 | B11: LOCATION OF SITE
B12: The site of the proposed works is located in Otonglo in the CITY OF KISUMU. The Contractor is advised to visit the site, to familiarize him with the nature and position of the site. No claims arising from the Contractor’s failure to do so will be entertained.
A14: 1.5 | B14: CLEARING AWAY
B15: The Contractor shall remove all temporary works, rubbish, debris and surplus materials from the site as they accumulate and upon completion of the works, remove and clear away all plant, equipment, rubbish, unused works and stains and leave in a clean and tidy state to the reasonable satisfaction of the Project Manager. The whole of the works shall be delivered up clean, complete and in perfect condition in every respect to the satisfaction of the Project Manager
A17: 1.6 | B17: CLAIMS
B18: It shall be a condition of this contract that upon it becoming reasonably apparent to the Contractor that he has incurred losses and/or expenses due to any of the contract conditions, or by any other reason whatsoever, he shall present such claim or intent to claim notice to the Project Manager within the contract period. No claims shall be entertained upon the expiry of the said contract period.
B20: Carried to Collection Kshs
A21: Item | B21: DESCRIPTION | C21: Kshs. | D21: Cts
A22: 1.7 | B22: ADVANCE PAYMENT
B24: Advance Payment is not applicable and shall therefore not be granted in this Contract.
A26: 1.8 | B26: PREVENTION OF ACCIDENT, DAMAGE OR LOSS
B28: The Contractor is notified that these works are to be carried out on a restricted site where the client is going on with other normal activities. The Contractor is instructed to take reasonable care in the execution of the works as to prevent accidents, damage or loss and disruption of normal activities being carried out by the Client. The Contractor shall allow in his rates any expense he deems necessary by taking such care within the site.
B29: Additional to the normal hoarding as hereunder provided, the contractor shall provide a covered board walk two meters wide around the perimeter of the whole building constructed of 25mm thick timber floor boarding on 100 x 50mm bearers at 600mm center’s both ways: in both ground and first floor levels: 24 gauge galvanized corrugated iron sheet walls and truncated roof cover onto 150 x 50mm and 100 x 50mm timber frames at 600mm center’s vertically and horizontally respectively.
A31: 1.9 | B31: WORKING CONDITIONS
B33: The Contractor shall allow in his rates for any interference that he may encounter in the course of execution of the works for the Client may in some cases ask the Contractor not to proceed with the works until some activities within the site are completed.
A34: 1.1 | B34: ADVANCE PAYMENT
B36: Advance Payment is not applicable and shall therefore not be granted in this Contract.
A38: 1.11 | B38: WORKING CONDITIONS
B40: The Contractor shall allow in his rates for any interference that he may encounter in the course of execution of the works for the Client may in some cases ask the Contractor not to proceed with the works until some activities within the site are completed.
A42: 1.12 | B42: ADVANCE PAYMENT
B44: Advance Payment is not applicable and shall therefore not be granted in this Contract.
B48: Carried to Collection Kshs
A49: Item | B49: DESCRIPTION | C49: Kshs. | D49: Cts
A51: 1.13 | B51: PREVENTION OF ACCIDENT, DAMAGE OR LOSS
B53: The Contractor is notified that these works are to be carried out on a restricted site where the client is going on with other normal activities. The Contractor is instructed to take reasonable care in the execution of the works as to prevent accidents, damage or loss and disruption of normal activities being carried out by the Client. The Contractor shall allow in his rates any expense he deems necessary by taking such care within the site.
B54: The Contractor is notified that these works are to be carried out on a restricted site where the client is going on with other normal activities. The Contractor is instructed to take reasonable care in the execution of the works as to prevent accidents, damage or loss and disruption of normal activities being carried out by the Client. The Contractor shall allow in his rates any expense he deems necessary by taking such care within the site.
A56: 1.14 | B56: SIGN BOARD
B57: Allow for providing, erecting, maintaining throughout the course of the Contract and afterwards clearing away a signboard as designed, specified and approved by the Project Manager.
A59: 1.15 | B59: LABOUR CAMPS
B60: The Contractor shall not be allowed to house labor on site. She/he shall allow for transporting workers to and from the site during the tenure of the contract.
A62: 1.16 | B62: MATERIALS FROM DEMOLITIONS
B63: Any materials arising from demolitions and not re-used shall become the property of the University. The Contractor shall allow in his rates the cost of transporting the demolished materials to a site to be agreed with the Local Authority.
A65: 1.17 | B65: PRICING RATES
B66: The tenderer shall include for all costs in executing the whole of the works, including transport, replacing damaged items, fixing, all to comply with the said Conditions of Contract.
A68: 1.18 | B68: SECURITY
B69: The Contractor shall allow for providing adequate security for the works and the workers in the course of execution of this contract. No claim will be entertained from the Contractor for not maintaining adequate security for the works and workers, equipment and materials on site.
B74: Carried to Collection Kshs
A75: Item | B75: DESCRIPTION | C75: Kshs. | D75: Cts
A77: 1.19 | B77: SECURITY Cont;
B78: All materials for incorporation in the works must be stored on site before payment is effected, unless specifically exempted by the Department Representative. This is to include materials of the Contractor, nominated subcontractors and nominated suppliers.
A80: 1.2 | B80: EXISTING SERVICES
B81: Prior to the commencement of any work, the Contractor is to ascertain from the relevant authority the exact position, depth and level of all existing services in the area and he/she shall make whatever provisions may be required by the authorities concerned for the support, maintenance and protection of such services.
A83: 1.21 | B83: PERFORMANCE SECURITY
B84: A security of 10.0% of the contract sum will be required in accordance with Clause 4 sub-clause 4.2 of the conditions of contract contained under page 96 of the bid document. No payment on account for the works executed will be made to the contractor until he has submitted the Performance Security to the Employer duly signed, sealed and stamped from an approved bank.
A86: 1.22 | B86: TENDER DOCUMENTS
B87: Tender documents will be as listed in Clause 6 subclause 6.1 of the Instruction to Bidders Page 8
A89: 1.23 | B89: DELIVERY OF TENDER
B90: Tenders and all documents in connection therewith, as specified above must be delivered in the addressed envelope which should be properly sealed and deposited at the offices as specified in the letter accompanying these documents or as indicated in the advertisement.
B91: Tenders will be opened at the time specified in the letter accompanying these Tender Documents or as indicated in the advertisement. Tenders delivered/received later than the above time shall not be opened.
A93: 1.24 | B93: VALUE ADDED TAX
B94: The Contractor’s attention is drawn to the Legal Notice in the Finance Act part 3 Section 21(b) operative from 1st September, 1993 which requires payment of VAT on all contracts.
B103: Carried to Collection Kshs | C103: =SUM(C78:C102) -> 0
A104: Item | B104: DESCRIPTION | C104: Kshs. | D104: Cts
A106: 1.25 | B106: VALUE ADDED TAX Cont;
B107: VAT will be calculated through all interim certificates and remitted by the contractor to the Commissioner in charge of VAT within the time stipulated in the Act. It should however be noted that this is not additional tax but a new mode of payment for VAT, whose excess will be refundable once the Contractor has submitted his monthly returns to the Commissioner of VAT who will do the refunds when satisfied that the VAT regulations have been complied with. | C107: this contract is V.A.T exempt and the contractor should reflect this in their rates
B108: V.A.T is included in this contract and no claims whatsoever will be allowed for in respect of V.A.T if the tenderer fails to include them in his unit rates. It is also to be noted that V.A.T be worked out in the unit rates and not as a percentage of the total.
A110: 1.26 | B110: WITH-HOLDING TAX
B111: The Tenderers are herein informed that a With-holding Tax will be withheld at 3% and will be deducted from the monies due or to become due under all certificates submitted for payment. It should however be noted that these are not additional tax but just a new mode of payment thereof. Any excess payment will be refundable once the contractor has submitted his annual returns to the Commissioner of Income Tax who will do the refunds once satisfied that all regulations relating to Tax returns have been complied with.
A113: 1.27 | B113: KENYA BUREAU OF STANDARDS LEVY
B114: The tenderers’ attention is drawn to the Standard Act Cap 496 and the Standard Levy Order of 1990 amended through legal notice no. 183 of 26th November 1999 requiring payment of levy as stipulated in the Act to the Kenya Bureau of Standards.
B133: Carried to Collection Kshs
A134: Item | B134: DESCRIPTION | C134: Kshs. | D134: Cts
A135: 1.28 | B135: EXCEPTION TO THE STANDARD METHOD OF MEASUREMENT
B136: Attendance ; Clause B19(a) of the Standard Method of Measurement is deleted and the following clause is substituted:-
B137: Attendance on nominated Sub-Contractors shall be given as an item in each case shall be deemed to include: allowing use of standing scaffolding, mess rooms, sanitary accommodation and welfare facilities; provision of special scaffolding where necessary; providing space for office accommodation and for storage of plant and materials; providing light and water for their work: clearing away rubbish; unloading checking and hoisting: providing electric power and removing and replacing duct covers, pipe casings and the like necessary for the execution and testing of Sub- Contractors' work and being responsible for the accuracy of the same.
B138: Fix Only:-
B139: "Fix Only" shall mean take delivery at nearest railway station (Unless otherwise stated), pay all demurrage charges, load and transport to site where necessary, unload, store, unpack, assemble as necessary, distribute to position, hoist and fix only.
A140: 1.29 | B140: FORM OF CONTRACT
B141: The Form of Contract shall be as stipulated under sectiom VII- General conditions of the bid document
B142: Conditions of Contract
B143: These are numbered from Clause 1 to clause 20 and included herein under section VII-General conditions of the bid document.
B144: Particulars of insertions to be made in the Appendix to the Contract Agreement will be found in the Particular Preliminaries part of these Bills of Quantities
A146: 1.3 | B146: SECURITY.
B147: The Contractor shall find and submit on the Form of Tender an approved bank and who will be willing to be bound to the Government in an amount equal to ten per cent (10.0%) of the Contract amount for the due performances of the Contract up to the date of completion as certified by the Employer and who will when and if called upon, sign a Bond to that effect on the relevant standard form included herein. (without the addition of any limitations) on the same day as the Contract Agreement is signed, by the Client, the Contractor shall furnish within seven days another Surety to the approval of the Client.
B157: Carried to Collection Kshs
A158: Item | B158: DESCRIPTION | C158: Kshs. | D158: Cts
A160: 1.31 | B160: PLANT, TOOLS AND VEHICLES
B161: Allow for providing all scaffolding, plant, tools and vehicles required for the works except in so far as may be stated otherwise herein and except for such items specifically and only required for the use of nominated Sub-Contractors as described herein. No timber used for scaffolding, formwork or temporary works of any kind shall be used afterwards in the permanent work.
A163: 1.32 | B163: TRANSPORT.
B164: Allow for transport of workmen, materials, etc., to and from the site at such hours and by such routes as may be permitted by the competent authorities
A166: 1.33 | B166: MATERIALS AND WORKMANSHIP.
B167: All materials and workmanship used in the execution of the work shall be of the best quality and description unless otherwise stated. The Contractor shall order all materials to be obtained from overseas immediately after the Contract is signed and shall also order materials to be obtained from local sources as early as necessary to ensure that they are onsite when required for use in the works. The Bills of Quantities shall not be used for the purpose of ordering materials.
A169: 1.34 | B169: SIGN FOR MATERIALS SUPPLIED.
B170: The Contractor will be required to sign a receipt for all articles and materials supplied by the EMPLOYER at the time of taking deliver thereof, as having received them in good order and condition, and will thereafter be responsible for any loss or damage and for replacements of any such loss or damage with articles and/or materials which will be supplied by the EMPLOYER at the current market prices including Customs Duty and V.A.T., all at the Contractor's own cost and expense, to the satisfaction of the EMPLOYER.
A172: 1.35 | B172: STORAGE OF MATERIALS
B173: The Contractor shall provide at his own risk and cost where directed on the site weather proof lock-up sheds and make good damaged or disturbed surfaces upon completion to the satisfaction of the EMPLOYER. Nominated Sub-Contractors are to be made liable for the cost of any storage accommodation provided
A175: 1.36 | B175: OFFICES AND SHEDS
B177: The Contractors shall erect and maintain temporary office accommodation for his own use,and ample temporary watertight sheds for the proper storage and protection of materials and for the use of artisans and remove when ordered. Floors of sheds shall be at least 150mm above ground level.
B181: Carried to Collection Kshs | C181: =SUM(C170:C180) -> 0
A182: Item | B182: DESCRIPTION | C182: Kshs. | D182: Cts
A184: 1.37 | B184: SAMPLES
B185: The Contractor shall furnish at his own cost any samples of materials or workmanship including concrete test cubes required for the works that may be called for by the EMPLOYER for his approval until such samples are approved by the EMPLOYER and the EMPLOYER, may reject any material or workmanship not in his opinion to be up to approved samples. THE EMPLOYER shall arrange for the testing of such materials as he may at his discretion deem desirable, but the testing shall be made at the expense of the Contractor and not at the expense of the EMPLOYER. The Contractor shall pay for the testing in accordance with the current scale of testing charges laid down by the Ministry of Roads and Public Works. The procedure for submitting samples of materials for testing and the method of marking for identification shall be as laid down by the EMPLOYER The Contractor shall allow in his tender for such samples and tests except those in connection with nominated sub-contractors' work.
A186: 1.38 | B186: GOVERNMENT ACTS REGARDING WORK PEOPLE ETC.
...

Sheet Preambles
B20: TRADE PREAMBLES
B45: TRADE PREAMBLES:
A47: 1,0 | B47: GENERAL
A49: 0,1 | B49: Unless otherwise stated the whole of the Main Contract works shall be carried out in accordance with the Ministry of Public Works General Specification for Building Works, 1976 Edition together with any amendments thereto and all references in this section are to this document.
A51: 0,2 | B51: The whole of the works shall be carried out in accordance with the Contract drawings and any further drawings issued in amplification there of.
A53: 0.3 | B53: This section shall be known as the Trade Preambles and shall be held to include the special Notes on Page A1 and the General Preliminaries on Pages B1 to 22.
A55: 0.4 | B55: These Trade Preambles are intended to supplement, amplify or amend the clauses in the Ministry of Public Works General Specification, or select therefrom specific provisions applicable to this contract.
B57: SITE COPY
A59: 0.5 | B59: The contractor is instructed to purchase two (2) copies of the above General Specification from the Ministry of Public Works Building Department and to retain one copy in the site office at all times.
A61: 2 | B61: APPLICATION
A63: 0.1 | B63: These Trade Preambles shall apply to all Bill items for Building Works contained in the following Bills of Quantities and to any additional works covered by Prime Cost and Provisional Sums and the rates for all items shall include for complying in all respects with these preambles and their provision.
A65: 3 | B65: MANUFACTURES’ NAMES
A67: 0.1 | B67: Manufactures’ name and catalogue reference are given solely as a guide to quality and alternative manufactures of materials or goods of equivalent quality will be accepted at the discretion of the Architects.
A69: 4 | B69: DEMOLITIONS
A71: 0.1 | B71: The trade Preambles given on pages C1 to C5 shall apply.
A73: 0.2 | B73: All demolitions will be done only with the prior approval of the Architect.
B79: DEMOLITIONS (Cont’d)
A81: 0.3 | B81: Responsibility for the safety of the persons and property will rest solely with the Contractor.
A83: 0.4 | B83: Materials arising from the demolition shall be handed to the client.
A85: 0.5 | B85: Materials arising from the debris of walls, concrete rubble etc. may be used as hardcore but with express permission of the Architect.
A87: 0.6 | B87: The contactor shall take are and shall be responsible for all services within the area of operation.
A89: 0.7 | B89: The contractor will price for “take delivery and fix only” for materials supplied by the client from the demolitions and approved by the Architect for use in the works.
A91: 5 | B91: EXCAVATION AND EARTHWORKS
A93: 0.1 | B93: The trade preambles given on pages D1 to D11 shall apply.
A95: 0.2 | B95: Rates are to include for excavating n all materials except class 1 Rock as classified in clause 0634 on page D2. Any other material encountered must be notified to the Architect immediately as specified in clause 0634 and his decision to its class will be final and binding
A97: 0.3 | B97: Insecticide treatment shall be carried out in accordance with clauses 0827 and 0859. The bottoms and sides of al excavations and the top surfaces of hardcore shall be treated with insecticide. The contractor shall provide a ten-year guarantee for all such treatment from an approved firm.
A99: 0.4 | B99: Disposal of surplus excavated material shall be in accordance with clause 0612 and 0783. The rate for this work shall allow for loading, carting away and depositing such material in designated areas within 10 KM of the site and must include for spreading and leveling such material to the satisfaction of the Architect. No compaction will be carried out.
A101: 0.5 | B101: Explosives must not be used without prior approval of the Architect and if authorised, must be carried out in accordance with clause 0628 as specified.
A103: 0.6 | B103: Items for excavation shall be deemed to include excavating for and destroying all white ants’ nests in the vicinity of the building as directed by the Architect and treat as specified in clause 0685.
... A491: 0.1 | B491: The landscaping will be carried out as per Architect’s drawings. Any other trades will be in accordance with relevant sections in these Trade Preambles.
B505: GENERAL CIVIL ENGINEERING SPECIFICATION
B507: (The preceding particular specifications are amplified by the following General Civil Engineering Specification)
A509: 1 | B509: GENERAL
A511: 0.1 | B511: Materials Generally
B513: All materials used on the works shall be new and of the qualities and kinds specified herein and equal to approved samples. Deliveries shall be made sufficiently in advance to enable samples to be taken and tested if required. No materials shall be used until approved and all materials which are not approved or which are damaged, contaminated or have deteriorated in any way or do not comply in any way with the requirements of this specification shall be rejected and shall be immediately removed from the site at the Contractor's expense.
A515: 0.2 | B515: Materials for which there is a Kenya Bureau of Standards specification
B517: All materials used in the works for which a Kenya Bureau of Standards Specification has been published shall conform with the latest edition thereof in every way. The Architect reserves the right to demand that the Contractor shall obtain at his own expense a certificate in respect of any material to state that it is in accordance with the Kenya Bureau of Standard Specification.
A519: 0.3 | B519: All materials used in the works for which no Kenya Bureau of Standards Specification has been published shall conform to the British Standard Specification for such materials. If there are no published standards as specified for any materials, the quality of such material shall be generally of a standard equal to those for which there is a Kenya Bureau of Standards or British Standard Specification.
A521: 0.4 | B521: Alternatives to proprietary brands
B523: Where materials are specified by their proprietary names or where fittings are specified by catalogue numbers, or descriptions, the Contractor may offer materials or fittings of alternative manufacture which are of equal quality. Such alternatives must be approved before being used in the works and the Contractor shall allow for this, but prior to tendering he may submit to the Architect for approval the names of any suppliers or manufacturers whose products he intends to use, together with catalogue numbers and descriptions and/or samples but the decision of the Architect will be final.
A525: 0.5 | B525: Samples
B527: The Contractor shall furnish for approval, with reasonable promptness all samples of materials and workmanship required by the Architect. The Architect shall check and approve such samples for conformance with the design concept of the works and for compliance with the information given in the Contract Documents. The work shall be in accordance with approved samples -
A530: a | B530: All material samples shall be delivered to the Architect's Office with all charges in connection therewith paid by the Contractor.
A532: b | B532: Duplicate final approved samples, in addition to any required for the Contractor's use, shall be furnished to the Architect, one for office use and one for the site.
A534: c | B534: Samples shall be furnished so as not to delay fabrication, allowing the Architect reasonable time for consideration of the sample submitted.
A536: d | B536: Each sample shall be properly labelled with the name and quality of the material, manufacturer's name, name of project, the Contractor's name and the date of submission and the specification number to which the sample refers.
A538: 0.6 | B538: Measuring and Testing Equipment
B540: The Contractor shall provide the following equipment for carrying out measuring and control tests on the site and maintain in full working order:
A542: a | B542: Straight edges 2 metres and 4 metres long for testing the accuracy of the finished concrete
A544: b | B544: A glass graduated cylinder for use in the silt test of organic impurities in the sand
A546: c | B546: Slump test apparatus
A548: d | B548: 50 mm steel cube moulds with base plates and tamping rod to BS 1881
A550: e | B550: Two 30 metre steel tapes
A552: f | B552: One dumpy or quickset level and staff
A554: g | B554: Micrometer
A556: 2 | B556: EXCAVATION AND EARTHWORKS
A558: 0.1 | B558: Codes of Practice
B560: The Contractor shall comply with the following Codes of Practice:
B562: Site Investigations C.P. 2001
B563: Earthworks C.P. 2003
B565: Foundations C.P. 2004
B567: Protection of building against water from the ground C.P. 102
A569: 0.2 | B569: Procedure
B571: The excavations and fillings shall be carried out in such a manner and order as the Architect may direct.
A573: 0.3 | B573: Existing trees and shrubs
B575: Cut down and remove shrubs and trees as directed. No shrubs, trees, plants etc., shall be removed except as directed by the Architect and the Contractor shall be held responsible for any damage caused by the building operations to those shrubs, trees etc., not so directed to be removed.
B577: The Contractor shall comply with all regulations concerning the cutting down and removal of shrubs and trees and shall obtain all necessary approvals, in writing, prior to such cutting down and/or removal.
A579: 0.4 | B579: Site Clearance
B581: All grass, vegetable matter etc., must be removed from the site at the commencement of the contract over areas as directed by the Architect.
A583: 0.5 | B583: White ant - Insecticide Treatment
B585: The Contractor must destroy any white ants' nests found within the perimeter of the buildings and within a distance of 20 metres from the buildings externally and take out and destroy queen ants, impregnate holes and tunnels with approved insecticide and back-fill with hard material well rammed and consolidated.
A587: 0.6 | B587: Excavation
A589: a | B589: The excavations are to be executed to the widths shown on the Drawings, and to the depths below existing ground levels as directed by the Architect in order to obtain satisfactory foundations. If the Contractor excavates to any widths or depths greater than those shown on the Drawings or as instructed by the Architect he shall at his own expense fill in such widths or depths of excavation beyond that instructed or shown with concrete to the satisfaction of the Architect.
A591: b | B591: Level and ram bottoms of all excavations to receive concrete, from steppings if necessary or directed to allow for sloping ground, and well water excavations before pouring concrete.
A593: c | B593: The Contractor shall report to the Architect when secure bottoms to the excavations have been obtained. Any concrete or other work executed before the excavations have been inspected and approved shall, if so directed, be removed and new work substituted after the excavations have been approved all at the Contractor's expense.
A595: d | B595: Excavations made below required levels shall be filled with mass concrete (1:3:6) at the Contractor's expense.
A597: 0.7 | B597: Rock
B599: Rock is defined as any material met within the excavations, which is of such size or position that it can only be removed by means of wedges, compressed air plant, or other special plant and the Architect's opinion shall be final. Excavation in any material such as compacted murram, soft tuff, stiff clay or similar materials which in the opinion of the Architect can reasonably be removed by pick, traxcavator or similar means will be deemed to be included in the prices for normal excavation.
A601: 0.8 | B601: Blasting
B603: No blasting will be permitted without the prior approval of the Architect and Local Authority.
A605: 0.9 | B605: Burning
B607: No burning of any substance will be allowed without prior approval of the Architect and Local Authority.
A609: 1 | B609: Borrow Pits
B611: Borrow pits will only be allowed to be opened up on the site on receipt of permission from the Architect.
A613: 1.1 | B613: Hardcore filling
B615: Hardcore for filling under floors etc., shall be good hard stone, ballast or quarry waste (not Magadi or similar soft stone) to the approval of the Architect broken to pass not greater than a 150 mm ring or to be 75% of the finished thickness of the layers being compacted whichever is the lesser and graded to contain sufficient smaller pieces to fill all voids so that it can be thoroughly compacted. The filling is to be laid in layers each of a consolidated thickness not exceeding 225 mm and well watered and compacted by hand or mechanical tampers. The top surface of the hardcore shall be levelled or graded to falls as required and blinded with a 75 mm layer of similar material finely crushed and well rolled and watered immediately before concrete or other subsequent material, layer is laid.
A617: 1.2 | B617: Filling obtained from the excavations
B619: Filling obtained from surplus excavated materials is to be free from all weeds, roots, vegetable or other unsuitable materials and is to be filled in layers each of not more than 225 mm finished thickness. Each layer to be well watered and consolidated before the subsequent layer is filled in.
A621: 1.3 | B621: Materials found in the excavations
B623: No sand, aggregate or other materials found in the excavations is to be used in the works without the written permission of the Architect.
A627: 1.4 | B627: Insecticide treatment
B629: The top surface of all filling shall be treated with an approved treatment, applied in accordance with the Manufacturer's printed instructions.
A631: 1.5 | B631: Protection of pipes, cables etc.
B633: Before commencing works which include excavations or ground levelling by manual or mechanical excavation the Contractor shall at his expense ascertain in writing from the Post Office, K P & L Co Ltd, Kenya Pipeline Company Ltd, Engineer's Department (Water and Sewers section) and all other public bodies, companies and persons who may be affected, the positions and depths of their respective ducts, cables, mains or pipes and appurtenances. He shall thereupon search for and locate such services.
B635: The Contractor shall at his own expense effectively prop, protect, underpin, alter, divert, restore and make good as may be necessary all pipes, cables or ducts, poles or wires and their appurtenances disturbed or damaged during the progress of the works, or in consequence thereof.
B637: Except that such services as required to be removed or altered by virtue of the layout of the permanent work and not the manner in which the work is carried out, shall be so removed or altered at the expense of the Employer.
B639: The Contractor shall be liable for the cost of repairs to any services damaged as a result of carrying out the works and shall further be liable for any damage which may be shown during the period of maintenance, to have arisen through the execution of these works.
A641: 1.6 | B641: Rates for excavations
B643: The rates for excavation, including excavation in rock, must include for trimming, levelling and preparing bottoms and all faces to receive concrete, etc., and for any extra excavation required for planking and strutting.
B645: Prices shall include for excavating in any material encountered unless specifically otherwise described, handling, etc., of extra bulk after excavating, or before consolidating, any extra excavation required for formwork or planking and strutting, circular work, grubbing up any old drains, roots, etc., that may be encountered, for trimming sides and levelling and ramming bottoms, forming steppings and trimming excavation or filling to embankments and batters as required.
...

Sheet SHEDS
A1: ITEM | B1: DESCRIPTION | C1: UNIT | D1: QTY | E1: RATE | F1: AMOUNT
B3: BILL NO.2
B5: ELEMENT NO. 1
B7: SUBSTRUCTURES(All Provisions)
B9: Site clearance
A10: 2.1 | B10: Clear site of grass, shrubs, bush and small trees, grub up roots and clear from site | C10: SM | D10: 182
B12: Excavations
A13: 2.2 | B13: Excavate oversite average 200 mm deep to remove vegetable soil and cart away. | C13: SM | D13: =D10 -> 182
A15: 2.3 | B15: Excavate to reduce levels not exceeding 1.5 m deep starting from stripped level | C15: CM | D15: 273
A17: 2.4 | B17: Ditto: for foundation trenches starting from stripped level | C17: CM | D17: 75
A19: 2.5 | B19: Ditto: for column bases | C19: CM | D19: 24
A21: 2.7 | B21: Allow for maintaining and supporting sides of all excavations and keeping same free from falling materials | C21: ITEM | D21: 1
A23: 2.8 | B23: Allow for keeping excavations free from water and mud by pumping, bailing or other approved method | C23: ITEM | D23: 1
B25: Disposal
A26: 2.9 | B26: Load surplus excavated material and cart away from site. | C26: CM | D26: 93
B28: Filling
A29: 1.1 | B29: Import, fill and compact 700mm thick murram to foundations. | C29: CM | D29: 44
B31: Hardcore
A32: 2.11 | B32: Labour and materials for hand packed hardcore 300 mm thick compacted with one ton roller in 150mm layers. | C32: SM | D32: 120
A34: 2.12 | B34: 50 mm thick layer of quarry dust or other approved blinding to surfaces of excavations: rolled smooth to receive polythene sheeting (m.s) | C34: SM | D34: =D32 -> 120
B37: Carried to collection
A38: ITEM | B38: DESCRIPTION | C38: UNIT | D38: QTY | E38: RATE | F38: AMOUNT
B40: Anti-Termite Treatment
A41: 2.13 | B41: Chemical anti-termite treatment to top of surfaces approved under a ten year guarantee. | C41: SM | D41: =D32 -> 120
B43: Damp Proof Membrane
A44: 2.14 | B44: 1,000 gauge polythene sheeting laid on blinded hardcore bed to receive concrete (m.s.). | C44: SM | D44: =D32 -> 120
B46: Concrete Works
B48: Mass Concrete mix 1:4:8 as described in:-
A50: 2.15 | B50: 50 mm blinding under strip foundations | C50: SM | D50: 32
A52: 2.16 | B52: Ditto: under column bases | C52: SM | D52: 16
B54: Vibrated Reinforced In-Situ Concrete class 25/20 as described in:-
A56: 2.17 | B56: Strip foundations | C56: CM | D56: 9
A58: 2.19 | B58: Column bases | C58: CM | D58: 6
A60: 2.2 | B60: Stub Columns | C60: CM | D60: 2
A62: 2.21 | B62: 150 mm thick bed slab | C62: SM | D62: 120
B64: Precast concrete blocks walling (7N/mm2 minimum crushing strength) in 1:3 cement mortar
A66: 2.22 | B66: 200 mm thick walling: reinforced with 20 gauge hoop iron at alternate courses. | C66: SM | D66: 125
B79: Carried to collection | F79: =SUM(F41:F78) -> 0
A80: ITEM | B80: DESCRIPTION | C80: UNIT | D80: QTY | E80: RATE | F80: AMOUNT
B82: Steel Reinforcement
B84: Supply and fix steel renforcement including bending, hooks, tying wires, cutting, spacers and supporting all in position:-
B86: Deformed T.M.T steel bars grade 60/PNS 415:cold worked :to BS 4461:2005.
A88: 2.23 | B88: 8 mm diameter bars | C88: KG | D88: 320
A90: 2.24 | B90: 10 mm diameter bars | C90: KG | D90: 400
A92: 2.26 | B92: 12 mm ditto | C92: KG | D92: 2400
B94: Steel mesh fabric reinforcement to B.B. 4483 in:-
A96: 2.27 | B96: Mesh fabric reinforcement ref. A142 weighing 2.22 kg per square metre, laid with 300 mm side and end laps including tying wire and spacer blocks complete (measured net-allow for laps) | C96: SM | D96: =D62 -> 120
B98: Rough/Sawn formwork as described to:-
A100: 2.28 | B100: Vertical sides of strip foundations | C100: SM | D100: 45
A102: 2.29 | B102: Vertical sides of column bases | C102: SM | D102: 22
A104: 2.3 | B104: Sides of columns | C104: SM | D104: 30
A106: 2.31 | B106: Vertical edges of bed slab exceeding 75 mm but not exceeding 150 mm high | C106: LM | D106: 45
B108: Plinth finishes
B110: Cement and sand (1:4) Render, as described to:-
A112: 2.32 | B112: 15 mm thick cement and sand render to plinth | C112: SM | D112: 66
B114: Prepare and apply three coats of black bituminous paint as described to:-
A116: 2.33 | B116: Rendered plinths | C116: SM | D116: 72
B120: Carried Collection
A121: ITEM | B121: DESCRIPTION | D121: PAGE | F121: AMOUNT
B123: Collection
A125: 2.34 | B125: From page | D125: SD/1
A127: 2.35 | B127: From page | D127: SD/2
A129: 2.36 | B129: From page | D129: SD/3
B169: Carried to summary | F169: =SUM(F125:F168) -> 0
A170: ITEM | B170: DESCRIPTION | C170: UNIT | D170: QTY | E170: RATE | F170: AMOUNT
B172: BILL NO.2
B174: ELEMENT NO. 2
B176: SUPERSTRUCTURE
B178: Displaytops
B180: Vibrated Reinforced In-Situ Concrete class 25/20 as described in:-
A182: 2.37 | B182: 75mm thick reinforced suspended slab tops(C20) | C182: SM | D182: 67
A184: 2.38 | B184: 75mm thick mass concrete base(c20) | C184: SM | D184: 67
B186: Rough/Sawn formwork as described to:-
A188: 2.39 | B188: Sides of concrete base and top not exceeding 100mm | C188: LM | D188: 462
A190: 2.4 | B190: Sides and soffites of suspended slab | C190: LM | D190: 97
B192: Steel mesh fabric reinforcement to B.B. 4483 in:-
A194: 2.41 | B194: Mesh fabric reinforcement ref. A142 weighing 2.22 kg per square metre, laid with 300 mm side and end laps including tying wire and spacer blocks complete | C194: SM | D194: 67
B196: Walling
B198: Precast concrete blocks walling (7N/mm2 minimum crushing strength) in 1:3 cement mortar
A200: 2.42 | B200: 150 mm thick walling: reinforced with 20 gauge hoop iron at alternate courses. | C200: SM | D200: 226
B202: 100mm ditto | C202: SM | D202: 54
B204: Doors
A206: 2.43 | B206: 1000x600mm approved metal steel door complete
B207: with all necessary accessories fixed to stall cabinets | C207: NO | D207: 84
A211: ITEM | B211: DESCRIPTION | C211: UNIT | D211: QTY | E211: RATE | F211: AMOUNT
B213: Finishes
B215: Floor
B217: Cement Sand 1:3 plaster
A219: 2.44 | B219: 30mm bed steel trowelled smooth to floors | C219: SM | D219: 67
B221: Wall
B223: Cement Sand 1:3 plaster
A225: 2.45 | B225: 15mm thick externally | C225: SM | D225: =D200 -> 226
A227: 2.46 | B227: Ditto internally | C227: SM | D227: 315
B229: Ceiling
A231: 2.47 | B231: Cement Sand 1:3 plaster | C231: SM | D231: 63
B233: Terrazzo paving
A235: 2.48 | B235: Ditto backing to receive wall terrazzo(ms) | C235: SM | D235: 63
A237: 2.49 | B237: Terrazzo Paving to tops and sides | C237: SM | D237: 104
B239: Painting and decoration
A241: 2.5 | B241: Prepare and apply three coats of gloss paint on plastered
...

Sheet TOILET BLOCK
A1: ITEM | B1: DESCRIPTION | C1: UNIT | D1: QTY | E1: RATE | F1: AMOUNT
B3: BILL NO.3
B5: ELEMENT NO. 1
B7: SUBSTRUCTURES(All Provisions)
B9: Site clearance
A10: 3.1 | B10: Clear site of grass, shrubs, bush and small trees, grub up roots and clear from site | C10: SM | D10: 62
B12: Excavations
A13: 3.2 | B13: Excavate oversite average 200 mm deep to remove vegetable soil and cart away. | C13: S.M. | D13: 62
A15: 3.3 | B15: Excavate to reduce levels not exceeding 1.5 m deep starting from stripped level | C15: CM | D15: 92
A17: 3.4 | B17: Ditto: for foundation trenches starting from stripped level | C17: C.M. | D17: 32
A19: 3.5 | B19: Ditto: for column bases | C19: C.M. | D19: 13
A21: 3.6 | B21: Extra over excavation for excavating in rock: of any class | C21: C.M. | D21: 5
A23: 3.7 | B23: Allow for maintaining and supporting sides of all excavations and keeping same free from falling materials | C23: ITEM | D23: 1
A25: 3.8 | B25: Allow for keeping excavations free from water and mud by pumping, bailing or other approved method | C25: ITEM | D25: 1
B27: Disposal
A28: 3.9 | B28: Load surplus excavated material and cart away from site | C28: C.M. | D28: 10
B30: Filling
A31: 3.1 | B31: Import, fill and compact 700mm thick murram to foundations. | C31: C.M. | D31: 92
B33: Hardcore
A34: 3.11 | B34: Labour and materials for hand packed hardcore 300 mm thick compacted with one ton roller in 150mm layers | C34: S.M. | D34: 50
A36: 3.12 | B36: 50 mm thick layer of quarry dust or other approved blinding to surfaces of excavations: rolled smooth to receive polythene sheeting (m.s) | C36: SM | D36: 50
B38: Carried to collection
A39: ITEM | B39: DESCRIPTION | C39: UNIT | D39: QTY | E39: RATE | F39: AMOUNT
B41: Anti-Termite Treatment
A42: 3.12 | B42: Chemical anti-termite treatment to top of surfaces approved under a ten ten guarantee | C42: S.M. | D42: 50
B44: Damp Proof Membrane
A45: 3.14 | B45: 1,000 gauge polythene sheeting laid on blinded hardcore bed to receive concrete (m.s.). | C45: S.M. | D45: 50
B47: Concrete Works
B49: Mass Concrete mix 1:4:8 as described in:-
A51: 3.15 | B51: 50 mm blinding under strip foundations | C51: S.M. | D51: 23
A53: 3.16 | B53: Ditto: under column bases | C53: SM | D53: 9
B55: Vibrated Reinforced In-Situ Concrete class 25/20 as described in:-
A57: 3.17 | B57: Strip foundations | C57: CM | D57: 7
A59: 3.18 | B59: Ground beam | C59: C.M. | D59: 5
A61: 3.19 | B61: Column bases | C61: CM | D61: 3
A63: 3.2 | B63: Columns | C63: C.M. | D63: 1
A65: 3.21 | B65: 150 mm thick bed slab | C65: SM | D65: 50
B67: Precast concrete blocks walling (7N/mm2 minimum crushing strength) in 1:3 cement mortar
A69: 3.22 | B69: 200 mm thick walling: reinforced with 20 gauge hoop iron at alternate courses. | C69: S.M. | D69: 57
B78: Carried to collection
A79: ITEM | B79: DESCRIPTION | C79: UNIT | D79: QTY | E79: RATE | F79: AMOUNT
B81: Steel Reinforcement
B83: Supply and fix steel renforcement including bending, hooks, tying wires, cutting, spacers and supporting all in position:-
B85: Deformed T.M.T steel bars grade 60/PNS 415:cold worked :to BS 4461:2005.
A87: 3.23 | B87: 8 mm diameter bars | C87: KG | D87: 270
A89: 3.24 | B89: 10 mm diameter bars | C89: KG | D89: 100
A91: 3.25 | B91: 12 mm ditto | C91: KG | D91: 588
B93: Steel mesh fabric reinforcement to B.B. 4483 in:-
A95: 3.26 | B95: Mesh fabric reinforcement ref. A142 weighing 2.22 kg per square metre, laid with 300 mm side and end laps including tying wire and spacer blocks complete (measured net-allow for laps) | C95: S.M. | D95: 50
B97: Sawn formwork as described to:-
A99: 3.27 | B99: Vertical sides of strip foundations | C99: SM | D99: 23
A101: 3.28 | B101: Vertical sides of column bases | C101: S.M. | D101: 29
A103: 3.28 | B103: Sides of columns | C103: S.M. | D103: 11
A105: 3.29 | B105: Vertical edges of bed slab exceeding 75 mm but not exceeding 150 mm high | C105: LM | D105: 30
B107: Plinth finishes
B109: Cement and sand (1:4) Render, as described to:-
A111: 3.3 | B111: 15 mm thick cement and sand render to plinth | C111: SM | D111: 54
B113: Prepare and apply three coats of black bituminous paint as described to:-
A115: 3.31 | B115: Rendered plinths | C115: SM | D115: 45
B118: Carried Collection
A119: ITEM | B119: DESCRIPTION | C119: UNIT | D119: QTY | E119: RATE | F119: AMOUNT
B121: Collection
A123: 3.32 | B123: From page | C123: TB/1
A125: 3.34 | B125: From page | C125: TB/2
A127: 3.35 | B127: From page | C127: TB/3
B167: Carried to summary
A168: ITEM | B168: DESCRIPTION | C168: UNIT | D168: QTY | E168: RATE | F168: AMOUNT
B170: BILL NO.3
B172: ELEMENT NO. 2
B174: REINFORCED CONCRETE SUPERSTRUCTURE
B176: Precast concrete (1:2:4) class 20/20 finished fair faced: including all moulds, necessary reinforcement bars, bend and hooked at ends: hoisting, bedding and pointing in cement and sand (1:3) mortar as described in:-
A178: 3.36 | B178: Cill size 275 × 75 mm thick : sprayed weathered and throated | C178: LM | D178: 15
A180: 3.37 | B180: Copping size 250 × 50 mm (average) thick once weathered and twice throated | C180: LM | D180: 10
B182: Vibrated Reinforced In-Situ Concrete (1:1, 5:3) class 25 as described in:-
A184: 3.38 | B184: Beams | C184: CM | D184: 3
A186: 3.39 | B186: Columns | C186: CM | D186: 2
B188: Steel Bars Reinforcement (All Provisional)
B190: Supply and fix steel bar reinforcement including bending hooking, tying wires, cutting, spacers and supporting all in position:-
B192: Deformed T.M.T steel bars grade 60/PNS 415:cold worked :to BS 4461:2005.
A194: 3.4 | B194: 8 mm diameter bars | C194: KG | D194: 120
A196: 3.41 | B196: 10 mm ditto | C196: KG | D196: 0
A198: 3.42 | B198: 12 mm ditto | C198: KG | D198: 250
B206: Carried to collection
A207: ITEM | B207: DESCRIPTION | C207: UNIT | D207: QTY | E207: RATE | F207: AMOUNT
B210: Sawn formwork as described to:-
A212: 3.43 | B212: Vertical sides and soffites of beams | C212: S.M. | D212: 46
A214: 3.44 | B214: Vertical sides of columns | C214: S.M. | D214: 22
B219: Carried to Collection
B221: Collection
B223: From Page | C223: TB/5
B225: From Page | C225: TB/6
B255: Carried to collection
A256: ITEM | B256: DESCRIPTION | C256: UNIT | D256: QTY | E256: RATE | F256: AMOUNT
B258: BILL NO.3
B260: ELEMENT NO. 3
B262: EXTERNAL WALLING
B264: Precast concrete blocks walling (7N/mm2 minimum crushing strength) in 1:3 cement mortar
A266: 3.45 | B266: 150 mm thick walling: reinforced with 20 gauge hoop iron at alternative courses: and onto columns | C266: SM | D266: 90
B268: Damp proof course:-
B270: Hessian based bituminous damp proof course laid on and including leveling cement sand (1:3) screed:
...

Sheet GUARD HOUSE
A1: ITEM | B1: DESCRIPTION | C1: UNIT | D1: QTY | E1: RATE | F1: AMOUNT
B3: BILL NO.4
B5: ELEMENT NO. 1
B7: SUBSTRUCTURES(All Provisions)
B9: Site clearance
A10: 4.1 | B10: Clear site of grass, shrubs, bush and small trees, grub up roots and clear from site. | C10: SM | D10: 6
B12: Excavations
A13: 4.2 | B13: Excavate oversite average 200 mm deep to remove vegetable soil and cart away. | C13: S.M. | D13: 6
A15: 4.3 | B15: Excavate to reduce levels not exceeding 1.5 m deep starting from stripped level | C15: CM | D15: 9
A17: 4.4 | B17: Ditto: for foundation trenches starting from stripped level | C17: C.M. | D17: 9
A19: 4.5 | B19: Ditto: for column bases | C19: C.M. | D19: 0
A21: 4.6 | B21: Extra over excavation for excavating in rock: of any class | C21: C.M. | D21: 0
A23: 4.7 | B23: Allow for maintaining and supporting sides of all excavations and keeping same free from falling materials | C23: ITEM | D23: 1
A25: 4.7 | B25: Allow for keeping excavations free from water and mud by pumping, bailing or other approved method | C25: ITEM | D25: 1
B27: Disposal
A28: 4.9 | B28: Load surplus excavated material and cart away from site | C28: C.M. | D28: 9
B30: Filling
A31: 4.1 | B31: Import, fill and compact 700mm thick murram to foundations. | C31: C.M. | D31: 5
B33: Hardcore
A34: 4.11 | B34: Labour and materials for hand packed hardcore 300 mm thick compacted with one ton roller in 150mm layers | C34: S.M. | D34: 7
A36: 4.12 | B36: 50 mm thick layer of quarry dust or other approved blinding to surfaces of excavations: rolled smooth to receive polythene sheeting (m.s) | C36: 50 | D36: 7
B38: Carried to collection
A39: ITEM | B39: DESCRIPTION | C39: UNIT | D39: QTY | E39: RATE | F39: AMOUNT
B41: Anti-Termite Treatment
A42: 4.13 | B42: Chemical anti-termite treatment to top of surfaces approved under a ten ten guarantee | C42: S.M. | D42: 7
B44: Damp Proof Membrane
A45: 4.14 | B45: 1,000 gauge polythene sheeting laid on blinded hardcore bed to receive concrete (m.s.). | C45: S.M. | D45: 7
B47: Concrete Works
B49: Mass Concrete mix 1:4:8 as described in:-
A51: 4.15 | B51: 50 mm blinding under strip foundations | C51: S.M. | D51: 6
A53: 4.16 | B53: Ditto: under column bases | C53: SM | D53: 0
B55: Vibrated Reinforced In-Situ Concrete class 25/20 as described in:-
A57: 4.17 | B57: Strip foundations | C57: CM | D57: 1
A59: 4.18 | B59: Ground beam | C59: C.M. | D59: 1
A61: 4.19 | B61: Column bases | C61: CM | D61: 2
A63: 4.2 | B63: Columns | C63: C.M. | D63: 1
A65: 4.21 | B65: 150 mm thick bed slab | C65: SM | D65: 6
B67: Precast concrete blocks walling (7N/mm2 minimum crushing strength) in 1:3 cement mortar
A69: 4.22 | B69: 200 mm thick walling: reinforced with 20 gauge hoop iron at alternate courses. | C69: S.M. | D69: 12
B80: Carried to collection
A81: ITEM | B81: DESCRIPTION | C81: UNIT | D81: QTY | E81: RATE | F81: AMOUNT
B83: Steel Reinforcement
B85: Supply and fix steel renforcement including bending, hooks, tying wires, cutting, spacers and supporting all in position:-
B87: Deformed T.M.T steel bars grade 60/PNS 415:cold worked :to BS 4461:2005.
A89: 4.23 | B89: 8 mm diameter bars | C89: KG | D89: 60
A91: 4.24 | B91: 10 mm diameter bars | C91: KG | D91: 33
A92: 4.25 | B92: 16 mm ditto | C92: KG | D92: 0
A94: 4.26 | B94: 12 mm ditto | C94: KG | D94: 236
B96: Steel mesh fabric reinforcement to B.B. 4483 in:-
A98: 4.27 | B98: Mesh fabric reinforcement ref. A142 weighing 2.22 kg per square metre, laid with 300 mm side and end laps including tying wire and spacer blocks complete (measured net-allow for laps) | C98: S.M. | D98: 6
B100: Sawn formwork as described to:-
A102: 4.28 | B102: Vertical sides of strip foundations | C102: SM | D102: 9
A104: 4.29 | B104: Vertical sides of column bases | C104: S.M. | D104: 8
A106: 4.3 | B106: Sides of columns | C106: S.M. | D106: 1
A108: 4.31 | B108: Vertical edges of bed slab exceeding 75 mm but not exceeding 150 mm high | C108: LM | D108: 10
B110: Plinth finishes
B112: Cement and sand (1:4) Render, as described to:-
A114: 4.32 | B114: 15 mm thick cement and sand render to plinth | C114: SM | D114: 15
B116: Prepare and apply three coats of black bituminous paint as described to:-
A118: 4.33 | B118: Rendered plinths | C118: SM | D118: 15
B120: Carried Collection
A121: ITEM | B121: DESCRIPTION | D121: PAGE | E121: RATE | F121: AMOUNT
B123: Collection
A125: 4.34 | B125: From page | D125: GH/1
A127: 4.35 | B127: From page | D127: GH/2
A129: 4.36 | B129: From page | D129: GH/3
B169: Carried to summary
A170: ITEM | B170: DESCRIPTION | C170: UNIT | D170: QTY | E170: RATE | F170: AMOUNT
B172: BILL NO.4
B174: ELEMENT NO. 2
B176: REINFORCED CONCRETE SUPERSTRUCTURE
B178: Precast concrete (1:2:4) class 20/20 finished fair faced: including all moulds, necessary reinforcement bars, bend and hooked at ends: hoisting, bedding and pointing in cement and sand (1:3) mortar as described in:-
A180: 4.37 | B180: Cill size 275 × 75 mm thick : sprayed weathered and throated | C180: LM | D180: 5
A182: 4.38 | B182: Beams | C182: CM | D182: 1
A184: 4.39 | B184: Columns | C184: CM | D184: 1
B186: Steel Bars Reinforcement (All Provisional)
B188: Supply and fix steel bar reinforcement including bending hooking, tying wires, cutting, spacers and supporting all in position:-
B190: Deformed T.M.T steel bars grade 60/PNS 415:cold worked :to BS 4461:2005.
A192: 4.4 | B192: 8 mm diameter bars | C192: KG | D192: 47
A194: 4.41 | B194: 12 mm ditto | C194: KG | D194: 95
B210: Carried to collection
A211: ITEM | B211: DESCRIPTION | C211: UNIT | D211: QTY | E211: RATE | F211: AMOUNT
B214: Sawn formwork as described to:-
A216: 4.42 | B216: Vertical sides and soffites of beams | C216: S.M. | D216: 16
A218: 4.43 | B218: Vertical sides of columns | C218: S.M. | D218: 15
B224: Carried to Collection
B226: Collection
A228: 4.44 | B228: From Page | C228: 3./6
A230: 4.45 | B230: From Page | C230: 3./6
B258: Carried to collection
A259: ITEM | B259: DESCRIPTION | C259: UNIT | D259: QTY | E259: RATE | F259: AMOUNT
B261: BILL NO.4
B263: ELEMENT NO. 3
B265: EXTERNAL WALLING
B267: Precast concrete blocks walling (7N/mm2 minimum crushing strength) in 1:3 cement mortar
A269: 4.46 | B269: 150 mm thick walling: reinforced with 20 gauge hoop iron at alternative courses: and onto columns | C269: SM | D269: 24
B271: Damp proof course:-
B273: Hessian based bituminous damp proof course laid on and including leveling cement sand (1:3) screed:
A275: 4.47 | B275: 200 mm wide damp proof course | C275: LM | D275: 10
B302: Carried to collection
...

Sheet MECH
A1: ITEM | B1: DESCRIPTION | C1: QTY. | D1: UNIT | E1: RATE | F1: AMOUNT
F2: SHS.
B4: FOUL DRAINAGE
B6: Supply and fix the following in UPVC. Soil and waste system to BS4514 with fittings fixed to manufactures printed instructions and BS5572-1978 as described. Tenders must allow in their pipework and also where stated for pipe fixing clips or holderbolts plugged and screwed.
B8: Pipework
A10: 5.1 | B10: UPVC soil pipe 150mm diameter | C10: 150 | D10: LM
A12: 5.2 | B12: UPVC 100mm diameter | C12: 20 | D12: LM
A14: 5.3 | B14: UPVC 75mm diameter | C14: 12 | D14: LM
A16: 5.4 | B16: UPVC 50mm diameter | C16: 17 | D16: LM
A18: 5.5 | B18: UPVC 40mm diameter | C18: 20 | D18: LM
A20: 5.6 | B20: UPVC 32mm diameter | C20: 28 | D20: LM
B22: Extra over tubing for the following Bend/ Tees
A24: 5.7 | B24: Long radius bends 100mm diameter | C24: 12 | D24: No
A26: 5.8 | B26: Long radius bends 75mm diameter | C26: 6 | D26: No
A28: 5.9 | B28: Access Bend 100mm diameter | C28: 12 | D28: No
A30: 5.1 | B30: Access bends 50mm diameter | C30: 5 | D30: No
A32: 5.11 | B32: Access bends 40mm diameter | C32: 5 | D32: No
A34: 5.12 | B34: Access bends 32mm diameter | C34: 18 | D34: No
A36: 5.13 | B36: Single branch Tee 100mm diameter | C36: 6 | D36: No
A38: 5.14 | B38: Ditto but 50mm diameter | C38: 6 | D38: No
B44: TOTAL CARRIED FORWARD TO COLLECTION | F44: =SUM(F10:F43) -> 0
A45: ITEM | B45: DESCRIPTION | C45: QTY. | D45: UNIT | E45: RATE | F45: AMOUNT
F46: SHS.
B47: INTERNAL DRAINAGE (CONT'D)
A49: 5.15 | B49: Ditto but 40mm diameter | C49: 6 | D49: No
A51: 5.16 | B51: Ditto but 32mm diameter | C51: 8 | D51: No
A53: 5.17 | B53: Access caps, Plug 100mm diameter | C53: 12 | D53: No
A55: 5.18 | B55: Access caps, Plug 50mm diameter | C55: 8 | D55: No
A57: 5.19 | B57: Access cap Plug 40mm diameter | C57: 8 | D57: No
A59: 5.2 | B59: 50 x 40 Reducing Bush | C59: 12 | D59: No
A61: 5.21 | B61: 40 x 32 Reducing Bush | C61: 12 | D61: No
A63: 5.22 | B63: WC connectors | C63: 8 | D63: No
A65: 5.23 | B65: 100mm diameter Vent Cowl | C65: 4 | D65: No
A67: 5.24 | B67: Stainless Steel Floor Trap | C67: 6 | D67: No
B69: Rainwater Drainage Drop Pipes
B71: Allow for Rainwater Drainage Pipes with all related accesorries fixed to manufactures printed instructions and BS5572-1978 as described.
A73: 5.25 | B73: UPVC soil pipe 100mm diameter | C73: 17 | D73: LM
A75: 5.26 | B75: 300x300x200mm deep masonary gulley trap complete with 100mm u-PVC P-trap gully with grating of mild steel | C75: 3 | D75: No
B87: TOTAL CARRIED FORWARD TO COLLECTION | F87: =SUM(F48:F86) -> 0
A88: ITEM | B88: DESCRIPTION | C88: UNIT | D88: QTY | E88: RATE | F88: SHS
B90: Excavate the following trenches, part backfill
B91: and compact excavated materials and remove
B92: surplus spoil from site; grade and compact
B93: bottoms including plunking and strutting.
A95: 5.27 | B95: Trenches for 100mm diameter pipes 750mm
B96: (average) deep and not exceeding 1.50 metres deep | C96: LM | D96: 200
A99: 5.28 | B99: Trenches for 150mm diameter pipes 500mm
B100: (average) deep and not exceeding 1.50 metres | C100: LM | D100: 100
B101: deep
B103: Plain insitu vibrated concrete 1:3:6 in:
A105: 5.29 | B105: 100mm Bed and surround to 100mm diameter
B106: pipe including formwork (Type A) | C106: LM | D106: 40
A108: 5.3 | B108: 150mm Bed and surround to 150mm diameter
B109: pipe including formwork (Type A) | C109: LM | D109: 70
B111: The following in 10No manholes chambers
B112: size 800 x 600 x 750 mm deep
A114: 5.31 | B114: Excavate for pit not exceeding 1.5m deep. | C114: CM | D114: 4
A116: 5.32 | B116: Return fill in and ram selected excavated material
B117: around manhole. | C117: CM | D117: 1
A119: 5.34 | B119: Remove surplus excavated material from site. | C119: CM | D119: 3
B121: Plain Concrete (1:3:6 - 40mm)
A122: 5.35 | B122: 150mm Base to manhole | C122: SM | D122: 4
A124: 5.36 | B124: Benching average 175mm high to bottom of manhole
B125: size 800 x 600mm internally, otherwise as before. | C125: NO | D125: 4
B130: CARRIED TO COLLECTION | E130: Kshs. | F130: =SUM(F90:F129) -> 0
A132: ITEM | B132: DESCRIPTION | C132: UNIT | D132: QTY | E132: RATE | F132: SHS
A135: 5.37 | B135: 100mm Vibrated reinforced concrete (Grade 20)
B136: suspended cover slab. | C136: SM | D136: 4
B138: Plain Concrete (1:3:6 - 40mm)
A140: 5.38 | B140: 10mm Diameter mild steel rod reinforced as before
B141: in cover slab. | C141: KG | D141: 56
A143: 5.39 | B143: Fabric mesh reinforcement Ref. A142 as before. | C143: SM | D143: 4
B145: Sawn Formwork
A146: 5.4 | B146: Soffit of suspended cover slab | C146: SM | D146: 4
A148: 5.41 | B148: Edge of suspended cover slab or base 75- 50mm high. | C148: M | D148: 22
A150: 5.42 | B150: Boxing to form rebated opening size
B151: 450 x 600mm in 100mm suspended slab | C151: NO | D151: 10
B153: Walling and related
A155: 5.43 | B155: 150mm solid concrete block walling in cement
B156: mortar (1:3). | C156: SM | D156: 48
A158: 5.44 | B158: Build in end of 150mm PVC pipe to 150mm walling and make good. | C158: NO | D158: 20
A160: 5.45 | B160: 15mm water proofed cement and sand (1:4)
B161: rendering to walls of manhole trowelled hard and
B162: smooth as before. | C162: SM | D162: 48
A164: 5.46 | B164: Galvanized cast iron step iron as before. | C164: NO. | D164: 20
A166: 5.47 | B166: Coated cast iron medium duty manhole cover and
B167: frame size 800 x 600mm to B.S. 497 type C6 -
B168: 24/18 and bed frame in cement and sand (1:3)
B169: and seal cover in grease and sand. | C169: NO. | D169: 10
B175: CARRIED TO COLLECTION
E176: Kshs. | F176: =SUM(F141:F175) -> 0
A177: ITEM | B177: DESCRIPTION | C177: UNIT | D177: QTY | E177: RATE | F177: SHS
B180: Testing
A182: 5.48 | B182: Allow for testing the whole of the foul drainage
B183: during the progress of the works and again on
B184: completion and leave in perfect working order to
B185: the satisfaction of the Architect/Engineer and the
B186: Local Authority. | C186: ITEM
B188: CARRIED TO COLLECTION
B191: COLLECTION TO FOUL WATER DRAINAGE
...

Sheet ELEC
B1: PROPOSED OTONGOLO MARKET
B2: ELECTRICAL INSTALLATION
B3: SECTION 1:LIGHTING
A5: ITEM NO. | B5: DESCRIPTION | C5: QTY | D5: UNIT | E5: RATE | F5: AMOUNT
F6: KShs. Cts.
B7: Supply, install, test, commission and set to work the following. All lighting fittings to be complete with lamp, control gear etc as applicable. PLEASE NOTE: ALL LED LIGHT FITTINGS TO BE RATED 220-240V AC
B9: Lighting
A11: 6.1 | B11: Lighting point 1-way switched. | C11: 40 | D11: No.
A12: 6.2 | B12: Lighting point 2-way switched. | C12: 111 | D12: No.
A13: 6.3 | B13: 5 A white moulded switch plates as MK or Crabtree: -
B14: (b) 1-gang 2-way | C14: 8 | D14: No.
B15: (c) 2-gang 1-way | C15: 2 | D15: No.
B16: (d) 3-gang 2-way | C16: 2 | D16: No.
B17: (e) 4-gang 2-way | C17: 2 | D17: No.
A19: 6.4 | B19: 1 x 36W HPF bare fluorescent batten fitting as Thorn PP 136 or approved equivalent | C19: 23 | D19: No.
A21: 6.5 | B21: 16W 2D shallow plastic light fitting as Thorn super club Cat. No. 2D CL16W complete with lamp | C21: 8 | D21: No.
A23: 6.6 | B23: High efficiency wall mounted enclosed LM6 aluminium floodlight with polycarbonate front and internal control gear for 150W (internal ignitor) HP – E/1 lamp and sealed to IP 65 as Thorn SonPAK 7, or approved equivalent | C23: 4 | D23: No
A25: 6.7 | B25: 5A (fused) photocell unit as Thorn QPK/Timer switch for the above signs, and ATM lobby lights. | C25: 2 | D25: No
A27: 6.8 | B27: Excavate cable trench, average depth 700mm, remove soft earth, lay cable, cover with “HATARI” tiles, back fill soil and compact to natural ground level. | C27: 800 | D27: m.
A29: 6.9 | B29: 2 core 4.0mm² PVC/SWA/PVC cable. | C29: 800 | D29: m.
B30: Total carried to summary | F30: =SUM(F11:F29) -> 0
B32: SECTION 2: POWER DISTRIBUTION
A34: ITEM NO. | B34: DESCRIPTION | C34: QTY | D34: UNIT | E34: RATE | F34: AMOUNT
B35: Power Distribution
A36: 6.1 | B36: Twin standard 13A-socket outlet for normal power, wired in 6x2.5mm² SC-PVC-CU cables inside trunking/concealed conduits, complete with 13A twin switched socket outlet plate, white colour, as MK or approved eqiuvalent. | C36: 8 | D36: No
A38: 6.11 | B38: 8-way TP/N power distribution board complete with 125A TP/N integral isolator and all accessories including lockable cover. The Distribution Board to be as Crabtree or Multi-9, or approved equivalent. | C38: 2 | D38: No
A40: 6.12 | B40: SP MCBs inside the DB | C40: 15 | D40: No
A42: 6.13 | B42: Blanking plates for the unused spare ways | C42: 10 | D42: No
A44: 6.14 | B44: 4C 25mm2 PVC/SWA/PVC copper cable for the DB above | C44: 100 | D44: lm
A46: 6.15 | B46: cable lugs of the above | C46: 8 | D46: No
A48: 6.16 | B48: 100mm PVC duct for the above submain cable | C48: 120 | D48: Lm
A50: 6.17 | B50: Meter board | C50: 1 | D50: No
A52: 6.18 | B52: Build 600x600x700mm deep Power manhole with internal plaster and heavy duty EAFW steel cover | C52: 3 | D52: No
B67: Total carried to summary page | F67: =SUM(F36:F52) -> 0
B68: SECTION 3: GENERAL ITEMS
A69: ITEM NO. | B69: DESCRIPTION | C69: QTY | D69: UNIT | E69: RATE | F69: AMOUNT
B71: General items
A72: 6.19 | B72: Carry out comprehensive 24-hour power analysis, after installation of switch-gear, with a digital power meter (with printer) to:
B74: i) Record and print all the power system parameters. | C74: 1 | D74: Item
B75: ii) Submit 3 copies of the printouts.
A77: 6.2 | B77: Acquire and submit Insurance for the sub-contract work. | C77: 1 | D77: Item
A79: 6.21 | B79: Allow for presentation of all the required samples as per specifications, Bills of Quantities and Drawings. | C79: 1 | D79: Item
A81: 6.22 | B81: Prepare and submit Working Drawings as directed by Engineer (both in soft and hard copies)
B83: (Note: Full set of drawings to be presented as per drawing list). | C83: 1 | D83: Item
A85: 6.23 | B85: As item no. 5.04, but for Record (As-Installed) Drawings comprising:
B87: i) Fully dimensioned drawings of all plants and apparatus.
B88: i) General arrangement drawings of equipment, plant etc.
B89: ii) Routes – types and sizes and arrangement of all pipework.
B90: iii) System schematics and trunking diagrams showing all salient information relating to control and instrumentation.
B91: iv) Grading charts
B92: v) Wiring and piping diagrams of plant and apparatus.
B93: vi) Schematic diagram of individual plants and switch and control boards.
B94: vii) All the required operating instructions for all panels, boards, control panels etc. | C94: 1 | D94: Item
B96: Total carried to summary page
B98: PROPOSED OTONGOLO MARKET
B100: ELECTRICAL INSTALLATION
A102: SEC | B102: SUMMARY PAGE
A104: 1 | B104: LIGHTING
A106: 2 | B106: POWER DISTRIBUTION
A108: 3 | B108: GENERAL ITEMS
A110: 4 | B110: LIGHTNING ARRESTER PROVISIONAL SUM
A112: 5 | B112: CONTENGENCY
B114: TOTAL

Sheet EW
A1: ITEM | B1: DESCRIPTION | C1: UNIT | D1: QTY | E1: RATE | F1: AMOUNT
B3: BILL NO.7
B5: EXTERNAL WORKS
B7: PARKING AND DRIVE WAY
B9: EXCAVATIONS AND EARTHWORK
B11: Excavation including maintaining and supporting sides and keeping free from water, mud and fallen materials
A13: 7.1 | B13: Excavate oversite to reduce levels commencing at existing ground level but exceeding 200mm deep. | C13: m2 | D13: 840
B15: For foundations commencing at reduced level
A16: 7.2 | B16: 0.2 to 1.50 metres deep | C16: m3 | D16: 1260
B18: Disposal
A20: 7.3 | B20: Backfilling to make up levels | C20: m3 | D20: 168
A22: 7.4 | B22: Load, and cart away excavated materials from site | C22: m3 | D22: 1092
B24: Imported filling
B26: Sub-base and base courses
A28: 7.5 | B28: Hardcore filling in compacted layers | C28: m3 | D28: 966
A30: 7.6 | B30: Imported murram filling compacted and laid to falls and cross falls in 150 mm thick layers | C30: m3 | D30: 252
B32: Road surface Treatment
A34: 7.7 | B34: Grade bottoms of excavations to fall and cross falls
B35: including rolling and compacting to 100% M.D.D
B36: (BS 1377) standard compaction. | C36: SM | D36: =D13 -> 840
A38: 7.8 | B38: Treat the top surface of blinded hardcore base with
B39: Hyvar', 'Telvar" or any other approved weed killer.
B40: Certificate of guarantee for 12months to be provided
B41: on completion of the treatment. | C41: SM | D41: =D13 -> 840
B48: CARRIED TO COLLECTION
A49: ITEM | B49: DESCRIPTION | C49: UNIT | D49: QTY | E49: RATE | F49: AMOUNT
B51: Road Formation
A52: 7.9 | B52: 150mm thick approved gravel sub base well watered
B53: and compacted to 95% M.D.D standard compaction. | C53: SM | D53: =D13 -> 840
A55: 7.1 | B55: 150mm thick hand packed stone base course well
B56: compacted to 98% M.D.D. standard compaction
B57: and blinded with approved fine material (Murram,
B58: sand or stone dust) 25mm thick and finished to
B59: falls, cross falls and chambers to receive premise
B60: surfacing (M.S) | C60: SM | D60: =D13 -> 840
B62: Road Surface Finish
B64: Concrete block paving (as manufactured by Cabroworks Limited)
A66: 7.11 | B66: Heavy industrial blocks size 210 x 105 x 80 mm (minimum strength 45N per square mm) laid on and including 50 mm screeded sand bed and compacted surface vibration | C66: m2 | D66: 840
B68: Precast concrete kerbs and channels to B.S. 340
A70: 7.12 | B70: 127 x 254 mm Kerb, rounded on one corner, laid on and including concrete 1:3:6 base size 225 x 100 mm hauched up behind | C70: m | D70: 260
A72: 7.13 | B72: 127 x 254 mm Ditto curved on plan | C72: m | D72: 31
A74: 7.14 | B74: 254 x 127 mm Channel block, battered on one face, laid on and including concrete 1:3:6 base size 200 x 100 mm | C74: m | D74: 437
A76: 7.15 | B76: 152 x 127 mm Ditto curved on plan | C76: m | D76: 31
A78: 7.16 | B78: 100 x 200 mm Channel block laid on and including concrete 1:3:6 base size 300 x 100 mm | C78: m | D78: 100
A80: 7.17 | B80: 51 x 152 mm Edging, bullnosed, laid on and including concrete 1:3:6 base size 100 x 100 mm hauched up behind | C80: m | D80: 102
B87: CARRIED TO COLLECTION
A88: ITEM | B88: DESCRIPTION | C88: UNIT | D88: QTY | E88: RATE | F88: AMOUNT
A90: 7.18 | B90: 51 x 152 mm Ditto curved on plan | C90: m | D90: 177
A92: 7.19 | B92: 125 x 100 mm Flush kerb laid on including concrete 1:3:6 base size 325 x 100 mm hauched up both sides | C92: m | D92: 81
B95: CARRIED TO COLLECTION
B107: COLLECTION
A109: 7.2 | B109: BROUGHT F0RWARD FROM PAGE EW/1
A111: 7.21 | B111: BROUGHT FORWARD FROM PAGE EW/2
A113: 7.22 | B113: BROUGHT FORWARD FROM ABOVE EW/3
B135: TOTAL FOR DRIVE WAY AND PARKING CARRIED TO SUMMARY
A136: ITEM | B136: DESCRIPTION | C136: UNIT | D136: QTY | E136: RATE | F136: AMOUNT
B138: EXTERNAL WORKS
B140: WALK WAYS AND TRADING AREA
B142: EXCAVATIONS AND EARTHWORK
B143: Excavation including maintaining and supporting sides and keeping free from water, mud and fallen materials
A145: 7.23 | B145: Excavate oversite to reduce levels commencing at existing ground level but exceeding 200mm deep. | C145: m2 | D145: 683
B147: For foundations commencing at reduced level
A149: 7.24 | B149: 0.2 to 1.50 metres deep | C149: m3 | D149: 1163
B151: Disposal
A153: 7.25 | B153: Backfilling to make up levels | C153: m3 | D153: 200
A155: 7.26 | B155: Load, and cart away excavated materials from site | C155: m3 | D155: 963
B157: Imported filling
A159: 7.27 | B159: Hardcore filling in compacted layers | C159: m3 | D159: 751
A161: 7.28 | B161: Imported murram filling compacted and laid to falls and cross falls in300mm thick layers | C161: m3 | D161: 204
B163: Sub-base and base courses
A165: 7.29 | B165: Approved gravel fill compacted in layers thickness of 150 mm | C165: m3 | D165: 466
A167: 7.3 | B167: Treat surface of blinded hardcore surface and
B168: plinths with approved weed killer to be applied
B169: by appoved specialist firm. Certificate of guarantee
B170: for 12months to be provided on completion of the
B171: treatment. | C171: SM | D171: =D145 -> 683
B181: CARRIED TO COLLECTION
A182: ITEM | B182: DESCRIPTION | C182: UNIT | D182: QTY | E182: RATE | F182: AMOUNT
A184: 7.31 | B184: 100mm thick approved quality murram filling in
B185: making up levels well watered and compacted to
B186: receive paving slabs (m.s.) | C186: SM | D186: =D171 -> 683
A188: 7.32 | B188: 50mm thick precast concrete Grade "B"
B189: (mix 1:2:4 - 12mm) paving slabs size 600mmx600mmx
B190: 50mm on, and including 50mm thick bed of sand
B191: and spot bedded, jointed and pointed in cement
B192: and sand mortar (1:3) | C192: SM | D192: 370
B194: Concrete block paving (as manufactured by Cabroworks Limited)
A196: 7.33 | B196: Heavy industrial blocks size 210 x 105 x 80 mm (minimum strength 45N per square mm) laid on and including 50 mm screeded sand bed and compacted surface vibration | C196: m2 | D196: =D186 -> 683
B198: Precast concrete kerbs and channels to B.S. 340
A200: 7.34 | B200: 127 x 254 mm Kerb, rounded on one corner, laid on and including concrete 1:3:6 base size 225 x 100 mm hauched up behind | C200: m | D200: 220
A202: 7.35 | B202: 254 x 127 mm Channel block, battered on one face, laid on and including concrete 1:3:6 base size 200 x 100 mm | C202: m | D202: 100
A204: 7.36 | B204: 152 x 127 mm Ditto curved on plan | C204: m | D204: 20
A206: 7.37 | B206: 100 x 200 mm Channel block laid on and including concrete 1:3:6 base size 300 x 100 mm | C206: m | D206: 50
A208: 7.38 | B208: 51 x 152 mm Edging, bullnosed, laid on and including concrete 1:3:6 base size 100 x 100 mm hauched up behind | C208: m | D208: 30
A210: 7.39 | B210: 125 x 100 mm Flush kerb laid on including concrete 1:3:6 base size 325 x 100 mm hauched up both sides | C210: m | D210: 40
B215: CARRIED TO COLLECTION
A216: ITEM | B216: DESCRIPTION | C216: UNIT | D216: QTY | E216: RATE | F216: AMOUNT
A219: 7.4 | B219: Prepare surfaces and apply yellow reflective roadline
B220: paint not exceeding 100mm girth. | C220: LM | D220: 500
B223: CARRIED TO COLLECTION
...

Sheet PS
A1: ITEM | B1: DESCRIPTION | C1: UNIT | D1: QTY | E1: RATE | F1: AMOUNT
B2: BILL NO. 8
B4: PROVISIONAL SUMS
B6: The following sums may be expended or omittted in whole or part on written authority of the Architect with approval by the client
B8: Relocation of services
A9: 8.1 | B9: Provide a provisional sum of Kenya Shillings Three Million Only (Ksh 3,000,000) for Relocation of Services ( including preparation of traders relocation area and Reinstatement of the site) to be expended in whole or in part as directed by the Project Manager (City Engineer) through exercuted as 'Dayworks'. | C9: SUM | F9: 3000000
B11: Administrative cost
A12: 8.2 | B12: Allow a PC sum of Kenya Shillings Two Million Five Hundred Thousand Only for Administrative costs to be expended in whole or in part for the services of the Resident Architect, Clerk of Works and operation of the site office as directed by the Project manager (City Engineer) upon submission up to date schedule of monthly expenditure submited together with the request for payments. | C12: SUM | F12: 2500000
A14: 8.3 | B14: Allow % of item "8.2 " above for contractors over heads and profits. | C14: 0 | D14: 0.05 | F14: =F12*C14 -> 0
B16: HIV/AIDS Training and awareness
A17: 8.4 | B17: Allow a Provisional Sum of KES 100,000 for HIV/AIDS Training to be expended in whole or in part as directed by the Project manager (City Engineer) upon submission of approved monthly progress reports. | C17: SUM | F17: 100000
B19: Signs and Lettering
A20: 8.5 | B20: Provide a Prime cost Sum of KES 300,000 for signs and lettering | C20: SUM | F20: 300000
B22: Environmental, Social, Health and Safety (ESHS)
A23: 8.6 | B23: Allow aProvisional Sum of Kenya Shillings Five Hundred Thousand Only for Environmental, Social, Health and Safety (ESHS) costs to be expended in whole or in part as directed by the Project Manager (City Engineer) upon submission of approved monthly compliannce report. | C23: SUM | F23: 500000
B25: Carried to Collection | E25: Kshs. | F25: =SUM(F9:F24) -> 6400000
A26: ITEM | B26: DESCRIPTION | C26: QTY | D26: UNIT | E26: RATE | F26: AMOUNT
B28: PROVISIONAL SUMS Cont.
A30: 8.7 | B30: Allow a provional sum of Kshs. 1,000,000 (One million Only) for construction of Waste cubicle | F30: 1000000
A32: 8.8 | B32: Allow a provional sum of Kshs.2,000,000 (Two Million Only) for Elevated water tank . | F32: 2000000
A34: 8.9 | B34: Allow a provional sum of Kshs. 2,000,000b (One million Only) for construction of septic tank | F34: 2000000
A36: 8.1 | B36: Allow a provional sum of Kshs. 500,000 (One million Only) for Land scaping | F36: 500000
A38: 8.11 | B38: Allow a provional sum of (Kshs. 350,000) Three hundred and fifty thousand shillings only for clearing temporary structures and stalls. | F38: 350000
B42: Carried to collection | F42: =SUM(F30:F38) -> 5850000
B45: Collection
B47: Brought forward from page PS-1 | F47: =F25 -> 6400000
B49: Brought forward from page PS-2 | F49: =F42 -> 5850000
B62: TOTAL CARRIED TO GRAND SUMMARY | F62: 0

Sheet GS
C2: PROPOSED DEVELOPMENT OF OTONGLO MARKET
D3: FOR KISUMU URBAN PROJECTS
D5: MAIN SUMMARY
A7: ITEM | B7: SECTION | E7: BILL NO. | F7: PAGE NO | G7: AMOUNT IN KSHS
A9: A | B9: PRELIMINARIES | E9: 1 | F9: 15 | G9: ='General Preliminaries '!C375 -> 0
A11: B | B11: SHEDS | E11: 2 | F11: S/11 | G11: =SHEDS!F489 -> 0
A13: C | B13: TOILET BLOCK | E13: 3 | F13: TB/21 | G13: ='TOILET BLOCK'!F923 -> 0
A15: D | B15: GUARD HOUSE | E15: 4 | F15: GH/21 | G15: ='GUARD HOUSE'!F932 -> 0
A17: E | B17: MECHANICAL WORKS | E17: 5 | F17: M/11 | G17: =MECH!F648 -> 0
A19: F | B19: ELECTRICAL WORKS | E19: 6 | F19: E/4 | G19: =ELEC!F114 -> 0
A21: G | B21: EXTERNAL WORKS | E21: 7 | F21: EW/10 | G21: =EW!F647 -> 0
A23: H | B23: PC AND PROVISIONAL SUMS | E23: 8 | F23: PS/2 | G23: =PS!F62 -> 0
B25: SUBTOTAL TOTAL
A27: I | B27: ADD 10% CONTINGENCY | G27: =G25*5% -> 0
B29: TOTAL CARRIED TO FORM OF TENDER | G29: =SUM(G25:G28) -> 0
B31: EMPLOYER CONTRACTOR
B33: NAME……………………………………….… NAME………..…..……………………
B35: ………………………………………………….. …….……..…………………………..
B37: SIGNATURE……………………...…………… SIGNATURE……....…………..
B39: ADDRESS………………………………..…… ADDRESS……..………………..
B41: ………………………………………………….. …….……..…………………………..
B43: DATE…………………………….……….…… DATE………….…….…………..
B46: Kindly note that the rates adopted are VAT exclusive

Sheet Sheet1
